 Dungeon Sprint DCSS version 0.27.1 (webtiles) character file.

Game seed: 10886827579478363406

2076 styxcanada the Unseen (level 9, -28/46 HPs)
             Began as a Spriggan Brigand on Sept 5, 2021.
             Was an Initiate of Gozag.
             Annihilated by an earth elemental (30 damage)
             ... in the Dungeon (Sprint III: "The Ten Rune Challenge").
             The game lasted 00:09:30 (945 turns).

styxcanada the Unseen (Spriggan Brigand)             Turns: 945, Time: 00:09:31

Health: -28/46     AC:  5    Str:  9    XL:     9   Next: 6%
Magic:  17/17      EV: 21    Int: 13    God:    Gozag
Gold:   590        SH:  0    Dex: 19    Spells: 8/17 levels left

rFire    . . .     SeeInvis +   a - +2 dagger
rCold    . . .     Faith    .   (shield restricted)
rNeg     . . .     Spirit   .   b - +0 robe
rPois    .         Reflect  .   (helmet restricted)
rElec    .         Harm     .   c - +0 cloak
rCorr    .         Rampage  .   (gloves unavailable)
Will     +....     NoTele   +   (boots unavailable)
Stlth    ++++++++..             (no amulet)
HPRegen  0.15/turn              (no ring)
MPRegen  0.15/turn              (no ring)

@: on berserk cooldown, slowed, quick
A: very small, no large weapons, unfitting armour, see invisible, speed 3,
iridescent scales 1, strong 1, wild magic 1
a: Renounce Religion, Potion Petition, Call Merchant, Bribe Branch


You were in the Dungeon.
You worshipped Gozag.
Gozag was pleased with you.
You visited 1 branch You collected 590 gold pieces.

Inventory:

Hand Weapons
 a - a +2 dagger (weapon)
 g - a +1 long sword of holy wrath
Missiles
 d - 5 poisoned darts (quivered)
 e - a curare-tipped dart
Armour
 b - a +0 robe (worn)
 c - a +0 cloak (worn)
Scrolls
 k - a scroll of blinking
 m - a scroll of immolation {unknown}
 n - a scroll of fear {unknown}
 p - a scroll of torment {unknown}
 q - a scroll of identify {unknown}
Potions
 f - 4 potions of curing
 h - 2 potions of haste
 i - 2 potions of magic
 l - 3 potions of mutation
 o - a potion of flight {unknown}


   Skills:
 * Level 4.7 Fighting
 + Level 6.1 Short Blades
 + Level 9.4 Throwing
 * Level 5.9 Dodging
 * Level 20.1 Stealth
 * Level 4.9 Spellcasting
 * Level 2.8 Hexes
 * Level 5.2 Transmutations
 * Level 1.7 Ice Magic
 * Level 3.5 Earth Magic


You had 8 spell levels left.
You knew the following spells:

 Your Spells              Type           Power      Damage    Failure   Level
a - Petrify               Tmut/Erth      18%        N/A       38%         4
b - Metabolic Englaciati  Hex/Ice        5%         N/A       94%         5

Your spell library contained the following spells:

 Spells                   Type           Power      Damage    Failure   Level
 Gell's Gravitas          Tloc           2%         N/A       58%         3
 Teleport Other           Tloc           4%         N/A       58%         3
 Statue Form              Tmut/Erth      12%        N/A       99%         6
 Dispersal                Tloc           2%         N/A       100%        6


Dungeon Overview and Level Annotations

Branches:
Dungeon (1/1)

Altars:
Cheibriados
Dithmenos
Elyvilon
Fedhas
Gozag
Hepliaklqana
Kikubaaqudgha
Makhleb
Nemelex Xobeh
Okawaru
Qazlal
Ru
Sif Muna
Trog
Uskayaw
Vehumet
Wu Jian
Xom
Yredelemnul
Zin
The Shining One
Beogh
Jiyva
Lugonu


Innate Abilities, Weirdness & Mutations

You are very small and have problems with some larger weapons.
You are too small for most types of armour.
You have supernaturally acute eyesight. (SInv)
You cover ground extremely quickly. (Speed+++)
You are partially covered in iridescent scales. (AC +2)
Your muscles are strong. (Str +2)
Your spells are a little harder to cast, but a little more powerful.


Message History

You hit the earth elemental but do no damage.
The earth elemental is severely damaged.
You puncture the earth elemental!
The earth elemental is severely damaged.
You hit the earth elemental but do no damage.
The earth elemental is severely damaged.
The earth elemental closely misses you.
You barely miss the earth elemental.
The earth elemental is severely damaged.
You hit the earth elemental but do no damage.
The earth elemental is severely damaged.
You are no longer berserk.
You are exhausted.
You feel yourself slow down.
You hit the earth elemental but do no damage.
The earth elemental is severely damaged.
The earth elemental closely misses you.
You hit the earth elemental but do no damage.
The earth elemental is severely damaged.
You barely miss the earth elemental.
The earth elemental is severely damaged.
The earth elemental hits you!
You hit the earth elemental.
The earth elemental is almost destroyed.
The earth elemental barely misses you.
You barely miss the earth elemental.
The earth elemental is almost destroyed.
You hit the earth elemental but do no damage.
The earth elemental is almost destroyed.
The earth elemental hits you!!
Ouch! That really hurt!
* * * LOW HITPOINT WARNING * * *
You hit the earth elemental but do no damage.
The earth elemental is almost destroyed.
You hit the earth elemental but do no damage.
The earth elemental is almost destroyed.
The earth elemental hits you!!
Ouch! That really hurt!
You die...
Your body crumbles into a pile of gold.

♣♣ ♣.############$ $ $ .♣
♣♣.#___#___#__# $ $$$ .♣
..#...#__)#._# $ $
.♣♣♣♣.###'#'###'##$$
.♣♣.♣.#..........#$$
≈♣♣♣..'.⌠........#$ $ $
≈≈≈♣..#...######'#$ $
≈≈....#.⌠.#__#...#+#######
≈.....#...#__#..@#..(§E'.#
......#'###__#..E#.#§§§#.#
......#.))#__#...'.#§§§#.#
......#___#__'...#.#§§.#.(.#
▓▓▓▓▓▓▓▓▓▓▓▓▓▓▓▓▓▓▓▓▓▓▓▓▓▓▓▓


You could see an earth elemental.

Vanquished Creatures
  Josephine (D)
  A deep elf pyromancer (D)
  A shadow (D)
  A spatial vortex (D)
  A necrophage (D)
  A scorpion (D)
  A water elemental (D)
  A jelly (D)
  Jessica (D)
  A wizard (D)
  A necromancer (D)
  3 humans (D)
  A kobold demonologist (D)
  An endoplasm (D)
  A rat (D)
17 creatures vanquished.

Vanquished Creatures (others)
  3 plants (D)
3 creatures vanquished.

Grand Total: 20 creatures vanquished

Notes
Turn   | Place    | Note
-------+----------+-------------------------------------------
     0 | D        | styxcanada the Spriggan Brigand began the quest for the
                  | Orb.
     0 | D        | Reached XP level 1. HP: 10/10 MP: 2/2
     5 | D        | Reached skill level 6 in Stealth
    11 | D        | Noticed Jessica
    27 | D        | Killed Jessica
    28 | D        | Reached skill level 9 in Stealth
    28 | D        | Reached XP level 2. HP: 15/15 MP: 3/3
    80 | D        | Reached skill level 10 in Stealth
    80 | D        | Reached XP level 3. HP: 19/19 MP: 4/4
   117 | D        | Noticed a scorpion
   127 | D        | Killed a scorpion
   128 | D        | Reached skill level 12 in Stealth
   128 | D        | Reached XP level 4. HP: 23/23 MP: 5/5
   150 | D        | Gained mutation: Your spells are a little harder to cast,
                  | but a little more powerful. [potion of mutation]
   150 | D        | Gained mutation: Your muscles are strong. (Str +2) [potion
                  | of mutation]
   150 | D        | Gained mutation: You are partially covered in iridescent
                  | scales. (AC +2) [potion of mutation]
   164 | D        | Noticed a water elemental
   167 | D        | Killed a water elemental
   168 | D        | Reached skill level 5 in Throwing
   168 | D        | Reached skill level 13 in Stealth
   168 | D        | Reached XP level 5. HP: 27/27 MP: 6/6
   178 | D        | Noticed a shadow
   180 | D        | Killed a shadow
   181 | D        | Reached skill level 15 in Stealth
   181 | D        | Reached XP level 6. HP: 32/32 MP: 7/7
   201 | D        | Reached skill level 16 in Stealth
   327 | D        | Found a blossoming altar of Fedhas.
   327 | D        | Found a stormy altar of Qazlal.
   328 | D        | Found a snail-covered altar of Cheibriados.
   328 | D        | Found a burning altar of Makhleb.
   328 | D        | Found a hazy altar of Hepliaklqana.
   328 | D        | Found a shimmering altar of Xom.
   328 | D        | Found an opulent altar of Gozag.
   328 | D        | Found a sparkling altar of Nemelex Xobeh.
   328 | D        | Found a corrupted altar of Lugonu.
   328 | D        | Found a viscous altar of Jiyva.
   328 | D        | Noticed a spatial vortex
   332 | D        | Became a worshipper of Gozag Ym Sagoz the Greedy
   414 | D        | Killed a spatial vortex
   415 | D        | Reached skill level 5 in Short Blades
   429 | D        | Found a radiant altar of Vehumet.
   429 | D        | Found a shimmering blue altar of Sif Muna.
   429 | D        | Found an ancient bone altar of Kikubaaqudgha.
   432 | D        | Reached skill level 17 in Stealth
   448 | D        | Learned a level 4 spell: Petrify
   451 | D        | Found a glowing silver altar of Zin.
   451 | D        | Found a glowing golden altar of the Shining One.
   451 | D        | Found a white marble altar of Elyvilon.
   452 | D        | Noticed a deep elf pyromancer
   454 | D        | Killed a deep elf pyromancer
   455 | D        | Reached skill level 18 in Stealth
   455 | D        | Reached XP level 7. HP: 37/37 MP: 7/12
   498 | D        | Found a hide-covered altar of Uskayaw.
   498 | D        | Found an iron altar of Okawaru.
   498 | D        | Found a bloodstained altar of Trog.
   498 | D        | Found an ornate altar of the Wu Jian Council.
   498 | D        | Noticed a human
   498 | D        | Noticed a human
   545 | D        | Killed a human
   546 | D        | Reached skill level 19 in Stealth
   546 | D        | Reached XP level 8. HP: 32/42 MP: 13/13
   701 | D        | Found a basalt altar of Yredelemnul.
   701 | D        | Found a shadowy altar of Dithmenos.
   701 | D        | Found a sacrificial altar of Ru.
   883 | D        | Learned a level 5 spell: Metabolic Englaciation
   887 | D        | Noticed Josephine
   890 | D        | Killed Josephine
   891 | D        | Reached skill level 5 in Dodging
   891 | D        | Reached skill level 20 in Stealth
   891 | D        | Reached skill level 5 in Transmutations
   891 | D        | Reached skill level 1 in Ice Magic
   891 | D        | Reached XP level 9. HP: 46/46 MP: 14/17
   943 | D        | HP: 2/46 [earth elemental (31)]
   945 | D        | Annihilated by an earth elemental

Illustrated notes

Levels and vault maps discovered:
D:        dungeon_sprint_mu [sprint_mu_entry_forest, sprint_mu_temple_rooms,
          sprint_mu_d1_horrors, sprint_mu_d2_genie, sprint_mu_d3_branching,
          sprint_mu_orc_legion, sprint_mu_elf_gauntlet, sprint_mu_hive_nellie,
          sprint_mu_lair_fedhas, sprint_mu_vaults_butterflies,
          sprint_mu_slime_circle, sprint_mu_swamp_cave, sprint_mu_snake_twists,
          sprint_mu_blade_basic, sprint_mu_crypt_fortress,
          sprint_mu_tomb_spiral, sprint_mu_vestibule_basic,
          sprint_mu_gehenna_hellfire, sprint_mu_dis_giant,
          sprint_mu_tartarus_statrot, sprint_mu_cocytus_islands, sprint_mu_zot1]

Skill      XL: |  1  2  3  4  5  6  7  8 |
---------------+-------------------------+-----
Stealth        | 9 10 12 13 15 18 19 20 | 20.1
Fighting       | 2 3 4 |  4.7
Short Blades   | 3 4 5 6 |  6.1
Throwing       | 3 4 5 6 8 9 |  9.4
Dodging        | 2 4 5 |  5.9
Spellcasting   | 2 3 4 |  4.9
Transmutations | 3 5 |  5.2
Earth Magic    | 2 3 |  3.5
Hexes          | 2 |  2.8
Ice Magic      | 1 |  1.7

Action                   |  1- 3 |  4- 6 |  7- 9 || total
-------------------------+-------+-------+-------++-------
Melee: Dagger            |     4 |    32 |    67 ||   103
Throw: Dart              |    18 |     6 |    16 ||    40
  Use: Potion            |       |     2 |     1 ||     3
 Stab: Sleeping          |     1 |     5 |     2 ||     8
Dodge: Dodged            |     2 |     3 |    31 ||    36
